 Dungeon Crawl Stone Soup version 0.30-a0-652-gcc886f7154 (webtiles) character file.

Game seed: 465055647626708930

104 themarg the Trooper (level 4, -3/42 HPs)
             Began as a Hill Orc Fighter on Jan 18, 2023.
             Slain by Sigmund
             ... wielding a +2 vampiric scythe
              (8 damage)
             ... on level 2 of the Dungeon.
             The game lasted 00:03:02 (1531 turns).

themarg the Trooper (Hill Orc Fighter)              Turns: 1531, Time: 00:03:03

Health: -3/42      AC:  8    Str: 20    XL:     4   Next: 80%
Magic:  4/4        EV:  9    Int:  8    God:
Gold:   151        SH:  4    Dex: 10    Spells: 3/3 levels left

rFire   . . .      SeeInvis .    a - +0 war axe
rCold   . . .      Faith    .    c - +0 buckler
rNeg    . . .      Spirit   .    b - +0 scale mail
rPois   .          Reflect  .    i - +0 helmet
rElec   .          Harm     .    (no cloak)
rCorr   .          Rampage  .    (no gloves)
Will    .....                    (no boots) Stlth
                                 (no amulet)
HPRegen 0.27/turn                (no ring)
MPRegen 0.09/turn                (no ring)

@: no status effects
A: no striking features
a: no special abilities


You were on level 2 of the Dungeon.
You visited 1 branch of the dungeon, and saw 2 of its levels.

You collected 151 gold pieces.

Inventory:

Hand Weapons
 a - a +0 war axe (weapon)
Missiles
 f - 38 stones (quivered)
Armour
 b - a +0 scale mail (worn)
 c - a +0 buckler (worn)
 i - a +0 helmet (worn)
 k - a +2 hat
Scrolls
 e - a scroll of identify {unknown}
 h - a scroll of vulnerability {unknown}
 m - a scroll of enchant armour {unknown}
Potions
 d - a potion of might
 g - a potion of flight {unknown}
 j - a potion of berserk rage {unknown}
 l - a potion of haste {unknown}
 n - 2 potions of brilliance {unknown}
 o - a potion of attraction {unknown}


   Skills:
 + Level 5.2 Fighting
 - Level 2.6 Axes
 - Level 3.2 Armour
 + Level 4.7 Shields


You had 3 spell levels left.
You didn't know any spells.
Your spell library contained the following spells:

 Spells                   Type           Power      Damage    Failure   Level
 Slow                     Hex            0%         N/A       85%         1
 Sting                    Tmut/Pois      0%         1d3       85%         1
 Poisonous Vapours        Pois/Air       0%         N/A       94%         2
 Confusing Touch          Hex            0%         N/A       99%         3
 Vampiric Draining        Necr           0%         2d6       99%         3
 Olgreb's Toxic Radiance  Pois           0%         N/A       100%        4


Dungeon Overview and Level Annotations

Branches:
Dungeon (2/15)

Altars:
Zin

Shops:
D:1 [

Annotations:
D:2 Sigmund


Message History

You closely miss the ball python. The ball python closely misses you.
The ball python grabs you. The ball python constricts you.
You block the ball python's attack. The ball python constricts you.
You barely miss the ball python. You block the ball python's attack.
The ball python constricts you.
You closely miss the ball python. You block the ball python's attack.
The ball python constricts you. The ball python bites you.
The ball python constricts you.
You slash the ball python!
You kill the ball python!
You see here a +0 dagger.
You open the door.
There is an open door here.
You open the door.
There is an open door here.
Sigmund the Dreaded comes into view.
He is wielding a +2 vampiric scythe.
Sigmund shouts!
You aren't carrying any items that you can evoke.
Okay, then.
Sigmund hits you with a +2 vampiric scythe!
You hit Sigmund.
Sigmund is lightly wounded.
You block Sigmund's attack.
You hit Sigmund.
Sigmund is moderately wounded.
Sigmund gestures wildly while chanting.
Sigmund flickers and vanishes!
Deactivating autopickup; reactivate with Ctrl-A.
You miss something.
You hear some strange, mumbled words.
Something tries to affect you, but you resist.
You miss something. Something hits you but does no damage.
You slash something! Something hits you!
You hit something. Something hits you.
You miss something. Something hits you!
* * * LOW HITPOINT WARNING * * *
You slash something! Something hits you.
* * * LOW HITPOINT WARNING * * *
You hit something. Something hits you!
You die...

### #........######### #..
#.##.....#.......# #.#
#.....#.#####.#
###.#######.......#.....###
#.....>....................
#.#.###.#.#####.....#######
#.#...#...# #.........#
##.###.#######......##.#
#......#..{@.#......##.##
#..#####.###.#..........####
#........# #.#..............
#.##########.'............†[
###.###.....####.........#....
#.....#.###.#####'#÷#....#....
#.#.#.......##....#.#....#....
#.......†..###.####.#....#....
#....~...#...#.##.#.#....#....


There were no monsters in sight!

Vanquished Creatures
  A jelly (D:2)
  3 adders (D:2)
  2 worms (D:2)
  2 bats
  5 endoplasms
  A giant cockroach (D:2)
  4 hobgoblins
  4 jackals (D:2)
  2 kobolds (D:2)
  3 quokkas
  5 ball pythons
  5 frilled lizards
  2 goblins
  4 rats
43 creatures vanquished.

Notes
Turn   | Place    | Note
-------+----------+-------------------------------------------
     0 | D:1      | themarg the Hill Orc Fighter began the quest for the Orb.
     0 | D:1      | Reached XP level 1. HP: 19/19 MP: 1/1
    43 | D:1      | Found Owaqig's Antique Armour Shoppe.
   160 | D:1      | Reached XP level 2. HP: 26/27 MP: 2/2
   175 | D:1      | Reached skill level 4 in Fighting
   918 | D:2      | Reached XP level 3. HP: 29/34 MP: 3/3
   984 | D:2      | Reached XP level 4. HP: 33/41 MP: 4/4
  1009 | D:2      | Reached skill level 5 in Fighting
  1201 | D:2      | Found a glowing silver altar of Zin.
  1521 | D:2      | Noticed Sigmund
  1531 | D:2      | Slain by Sigmund

Illustrated notes

Levels and vault maps discovered:
D:1:      shiori_shiawase, layout_loops_ring, serial_shops, nicolae_shop_trees
D:2:      layout_basic, basic_altar, serial_rivers,
          chequers_serial_rivers_micro_c, chequers_serial_rivers_micro_c,
          chequers_serial_rivers_room_a, chequers_serial_rivers_micro_a,
          uniq_sigmund

Skill      XL: |  1  2  3  4 |
---------------+-------------+-----
Fighting       | 4 5 |  5.2
Shields        | 4 |  4.7
Axes           | |  2.6
Armour         | |  3.2

Action                   |  1- 3 |  4- 6 || total
-------------------------+-------+-------++-------
Melee: War axe           |    52 |    77 ||   129
Armor: Scale mail        |    23 |    31 ||    54
Dodge: Dodged            |    18 |    33 ||    51
Block: Buckler           |    12 |    23 ||    35

Table legend: (Time is in decaauts)
 A = Elapsed time spent in this place.
 B = Non-inter-level travel time spent in this place.
 C = Inter-level travel time spent in this place.
 D = Time resting spent in this place.
 E = Time spent auto-exploring this place.
 F = Levels seen in this place.
 G = Mean time per level.
                   A        B        C        D        E       F      G
               +--------+--------+--------+--------+--------+-----+--------+
         Total |   1584 |   1566 |     18 |    108 |   1119 |   2 |  792.0 |
       Dungeon |   1584 |   1566 |     18 |    108 |   1119 |   2 |  792.0 |
               +--------+--------+--------+--------+--------+-----+--------+

Top non-repeatable levels by time:
     D:2: 877 daAuts
     D:1: 706 daAuts
